[Event "Austria Championship Blitz 2024"]
[Site "Innsbruck"]
[Date "2024.06.01"]
[Round "2.20"]
[White "Karall, Lorenz"]
[Black "Horvath, Dominik"]
[Result "0-1"]
[ECO "D43"]
[WhiteElo "1869"]
[BlackElo "2554"]
[Annotator "TA"]
[PlyCount "59"]
[EventDate "2024.06.01"]
[EventType "swiss"]
[EventCountry "AUT"]
[SourceTitle "playchess.com"]
[Source "ChessBase"]
[SourceQuality "1"]
[TimeControl "180+2"]

1. d4 Nf6 2. Nf3 d5 3. c4 e6 4. Nc3 Bb4 5. Qc2 O-O 6. Bg5 h6 7. Bxf6 Qxf6 8. e3 c6 9. Bd3 Nd7 10. O-O Re8 11. cxd5 exd5 12. Bf5 g6 {[%emt 0:00:06] The position is equal.} 13. Bd3 Kg7 14. Ne2 Bd6 15. Rae1 Nf8 16. e4 (16. Ng3 $11) 16... dxe4 $15 17. Bxe4 Ne6 18. Bd3 Bd7 19. Qc3 Nc7 20. Bc4 (20. Ng3 $11) 20... b5 $17 {[%emt 0:00:19] Black is much more active.} 21. Bb3 a5 $36 {[%emt 0:00:02][%mdl 2048] White is under strong pressure.} 22. a4 $2 {[%emt 0:00:03] [#]} (22. a3 $17 {was necessary.}) 22... Bb4 $19 {[%emt 0:00:02] Black has a decisive advantage.} 23. Qc1 Bxe1 24. Rxe1 Be6 25. Bxe6 Rxe6 ({But not} 25... Qxe6 26. Ne5 $19) 26. Ne5 Nd5 27. axb5 cxb5 28. Ng3 Qf4 29. Qc5 Rd8 {[%emt 0:00:03] White must now prevent ...Qd2.} 30. h3 {[%emt 0:00:06] Black took control after the opening.   Weighted Error Value: White=0.27 (precise) /Black=0.10 (very precise) .  Loses game:     	White=1     	---        Mistake:       	White=2     	---        Inaccurate:     	White=2     	Black=2      OK:         	White=4     	Black=5      Best:        	---       	Black=2} 0-1

[Event "Austria Championship Blitz 2024"]
[Site "Innsbruck"]
[Date "2024.06.01"]
[Round "2.21"]
[White "Hatzl, Johannes"]
[Black "Wolfgang, Valentin"]
[Result "1/2-1/2"]
[ECO "B13"]
[WhiteElo "2074"]
[BlackElo "1866"]
[Annotator "RC"]
[PlyCount "120"]
[EventDate "2024.06.01"]
[EventType "swiss"]
[EventCountry "AUT"]
[SourceTitle "playchess.com"]
[Source "ChessBase"]
[SourceQuality "1"]
[TimeControl "180+2"]

1. d4 d5 2. Bf4 c5 3. e3 cxd4 4. exd4 Nc6 5. c3 f6 6. Bb5 g5 7. Qh5+ Kd7 8. Be3 a6 9. Ba4 b5 10. Bc2 e6 11. Nd2 Nge7 12. Qe2 Kc7 13. a4 Bd7 14. Qd3 e5 15. dxe5 Bf5 16. Qe2 Bxc2 17. a5 Kb7 18. exf6 Nf5 19. Bxg5 h6 20. Be3 Nxe3 21. Qxe3 Qe8 22. Ngf3 Qxe3+ 23. fxe3 Bc5 24. Nd4 Bxd4 25. cxd4 Rae8 26. Kf2 Rhf8 27. Rac1 Rxf6+ 28. Nf3 Be4 29. Ke2 Bxf3+ 30. gxf3 Rfe6 31. Kf2 Rxe3 32. Rhg1 Re2+ 33. Kg3 Rg8+ 34. Kf4 Rxg1 35. Rxg1 Re7 36. Rg6 h5 37. Rd6 Nxd4 38. Rxd5 Nc6 39. Rxh5 Nxa5 40. Rf5 Rh7 41. Kg3 Nc4 42. b3 Nd6 43. Rf6 Kc6 44. h4 Kd5 45. Kg4 a5 46. h5 a4 47. bxa4 bxa4 48. Rf4 Nc4 49. Rf5+ Kd4 50. Rf8 Kc3 51. Kg5 a3 52. Ra8 Kb2 53. Kg6 Rb7 54. h6 Ne5+ 55. Kf6 Nxf3 56. Kg6 Ne5+ 57. Kf6 a2 58. Kxe5 a1=Q 59. Rxa1 Kxa1 60. Kf6 Rb2 1/2-1/2

[Event "Austria Championship Blitz 2024"]
[Site "Innsbruck"]
[Date "2024.06.01"]
[Round "2.22"]
[White "Wimmer, Michael"]
[Black "Falkensteiner, Benjamin"]
[Result "1-0"]
[ECO "B11"]
[WhiteElo "2142"]
[BlackElo "1905"]
[Annotator "RC"]
[PlyCount "161"]
[EventDate "2024.06.01"]
[EventType "swiss"]
[EventCountry "AUT"]
[SourceTitle "playchess.com"]
[Source "ChessBase"]
[SourceQuality "1"]
[TimeControl "180+2"]

1. e4 c6 2. Nc3 d5 3. Qe2 d4 4. Nd1 e5 5. g3 Nf6 6. Bg2 b6 7. d3 Be7 8. f4 Nbd7 9. Nf3 O-O 10. O-O c5 11. f5 Re8 12. Nf2 Nf8 13. g4 h6 14. Nxe5 Qc7 15. Nf3 Bd6 16. g5 hxg5 17. Bxg5 N6h7 18. Bh4 Bb7 19. Ng4 Nd7 20. Qd2 Ne5 21. Nfxe5 Bxe5 22. Nxe5 Qxe5 23. Bg3 Qe7 24. Qf4 Nf6 25. Bh4 Qe5 26. Qxe5 Rxe5 27. Bg3 Ree8 28. h3 Nd7 29. Kf2 Ne5 30. Bxe5 Rxe5 31. Bf3 f6 32. Rg1 Bc6 33. Rg3 Rf8 34. Rag1 Rf7 35. Bh5 Rfe7 36. Rg6 Kf8 37. Bf3 b5 38. b3 a5 39. R6g4 Bb7 40. Rh4 Kg8 41. Bh5 Ba6 42. Rgg4 c4 43. Bg6 cxd3 44. cxd3 a4 45. Rh5 Rc7 46. Rgh4 Kf8 47. Rh8+ Ke7 48. R4h7 Kd6 49. Rd8+ Kc6 50. Rg8 Ree7 51. Ke2 axb3 52. axb3 b4 53. Ra8 Bb7 54. Ra4 Kb5 55. Rh8 Bc6 56. Rb8+ Kc5 57. Rbxb4 Bxa4 58. Rc4+ Kd6 59. Rxd4+ Kc6 60. Rxa4 Rb7 61. Rc4+ Kd7 62. b4 Rb6 63. Bh7 Kd6 64. Bg8 Reb7 65. Bd5 Rb8 66. Ke3 Rxb4 67. Rc6+ Kd7 68. Ra6 Rb3 69. Bxb3 Rxb3 70. Ra7+ Kd6 71. Rxg7 Ke5 72. h4 Rb8 73. Rg3 Rh8 74. Rh3 Kd6 75. h5 Ke7 76. h6 Kf7 77. h7 Kg7 78. Kd4 Rxh7 79. Rxh7+ Kxh7 80. Kd5 Kg7 81. Ke6 1-0

[Event "Austria Championship Blitz 2024"]
[Site "Innsbruck"]
[Date "2024.06.01"]
[Round "2.23"]
[White "Stadlinger, Lea"]
[Black "Kosc, Renata"]
[Result "0-1"]
[ECO "A85"]
[WhiteElo "1912"]
[BlackElo "1983"]
[Annotator "RC"]
[PlyCount "64"]
[EventDate "2024.06.01"]
[EventType "swiss"]
[EventCountry "AUT"]
[SourceTitle "playchess.com"]
[Source "ChessBase"]
[SourceQuality "1"]
[TimeControl "180+2"]

1. d4 f5 2. c4 Nf6 3. Nc3 g6 4. Bf4 Bg7 5. e3 d6 6. h3 Nc6 7. Bd3 e5 8. dxe5 dxe5 9. Bh2 O-O 10. Nge2 Be6 11. b3 Qe7 12. O-O Rad8 13. Qb1 Nb4 14. Bc2 Nxc2 15. Qxc2 Bf7 16. Rad1 c6 17. e4 f4 18. g3 f3 19. Nc1 Nd7 20. Rd3 Be6 21. g4 Nc5 22. Rd2 Rxd2 23. Qxd2 a5 24. Qe3 b6 25. Rd1 Bf6 26. Qxf3 Bh4 27. Qe3 Bxf2+ 28. Qxf2 Rxf2 29. Kxf2 Qf6+ 30. Ke2 Qg5 31. Nd3 Kf7 32. Rf1+ Ke7 0-1

[Event "Austria Championship Blitz 2024"]
[Site "Innsbruck"]
[Date "2024.06.01"]
[Round "2.24"]
[White "Hyassat, Milana"]
[Black "Schwarz, Benedikt"]
[Result "0-1"]
[ECO "A85"]
[WhiteElo "1761"]
[BlackElo "1919"]
[Annotator "RC"]
[PlyCount "92"]
[EventDate "2024.06.01"]
[EventType "swiss"]
[EventCountry "AUT"]
[SourceTitle "playchess.com"]
[Source "ChessBase"]
[SourceQuality "1"]
[TimeControl "180+2"]

1. d4 f5 2. c4 Nf6 3. Bg5 e6 4. e3 Be7 5. Nc3 c6 6. Nf3 d5 7. Be2 O-O 8. h4 Ne4 9. Bxe7 Qxe7 10. Qc2 Nd7 11. h5 Ndf6 12. Nxe4 fxe4 13. Ne5 Nd7 14. Ng4 e5 15. h6 g6 16. O-O-O exd4 17. Rxd4 Nb6 18. c5 Bxg4 19. Bxg4 Nc4 20. b3 Ne5 21. Be2 Rxf2 22. Qd1 Qxc5+ 23. Kb1 Raf8 24. b4 Qe7 25. Bg4 Nxg4 26. Qxg4 Rf1+ 27. Rxf1 Rxf1+ 28. Qd1 Rxd1+ 29. Rxd1 Qg5 30. Re1 Qxh6 31. Kc2 Qg5 32. Re2 h5 33. Kd2 b6 34. Rf2 c5 35. bxc5 bxc5 36. Rf4 Qxg2+ 37. Kc3 Qe2 38. Rf6 Qxe3+ 39. Kc2 Qd3+ 40. Kc1 Kg7 41. Rf2 e3 42. Rc2 e2 43. Rxe2 Qxe2 44. a4 d4 45. a5 d3 46. a6 Qc2# 0-1

[Event "Austria Championship Blitz 2024"]
[Site "Innsbruck"]
[Date "2024.06.01"]
[Round "3.1"]
[White "Blohberger, Felix"]
[Black "Casagrande, Harald"]
[Result "1-0"]
[ECO "A05"]
[WhiteElo "2506"]
[BlackElo "2290"]
[Annotator "TA"]
[PlyCount "73"]
[EventDate "2024.06.01"]
[EventType "swiss"]
[EventCountry "AUT"]
[SourceTitle "playchess.com"]
[Source "ChessBase"]
[SourceQuality "1"]
[TimeControl "180+2"]

1. Nf3 Nf6 2. g3 b5 3. Bg2 Bb7 4. O-O e6 5. b3 c5 6. c4 b4 7. Bb2 Be7 8. d4 cxd4 9. Qxd4 O-O {[%emt 0:00:04] The position is equal.} 10. Nbd2 d6 11. Rfd1 Nbd7 12. Ng5 $2 (12. Ne1 $11 Bxg2 13. Kxg2) 12... Bxg2 $19 13. Kxg2 {[%emt 0:00:01] [#]} Qc7 $2 (13... Ne8 $1 $19 14. Nge4 f5) 14. Nge4 Rfd8 15. Nf3 Qc6 16. Nxf6+ (16. Nxd6 $2 {too greedy.} Nc5 17. Qh4 Rxd6 $19) 16... Bxf6 (16... Nxf6 $11 17. a3 bxa3 18. Rxa3 a6) 17. Qxd6 $16 ({Weaker is} 17. Qd2 Bxb2 18. Qxb2 Nc5 $11) 17... Qxd6 18. Rxd6 {[%emt 0:00:01] Black must now prevent Bxf6.} Bxb2 (18... Nc5 $142 19. Rxd8+ Rxd8) 19. Rad1 g6 (19... Kf8 $16 {was called for.}) 20. Rxd7 $18 Rxd7 21. Rxd7 {[%emt 0:00:01][%mdl 4096] Endgame. KRB-KRN} a5 22. Ng5 Rf8 23. Ra7 h6 24. Ne4 Rd8 25. Rxa5 f5 26. Nc5 Rd6 27. Ra6 Rd2 28. Rxe6 Kf7 29. e3 {[%emt 0:00:21] White is clearly winning.} Bc3 30. Ra6 Rc2 31. Nd3 Rd2 32. Nf4 g5 33. Nd5 h5 34. a3 bxa3 35. Nxc3 Rc2 36. Nd5 a2 37. Nb4 {[%emt 0:00:01][%csl LRa2,LRc2] Quite a comeback for White.   Weighted Error Value: White=0.17 (very precise) /Black=0.38.  Loses game:     	White=1     	---        Missed win:     	---       	Black=1      Mistake:       	---       	Black=3      Inaccurate:     	---       	Black=3      OK:         	White=13    	Black=7      Best:        	White=2     	Black=1} 1-0

[Event "Austria Championship Blitz 2024"]
[Site "Innsbruck"]
[Date "2024.06.01"]
[Round "3.2"]
[White "Kranzl, Peter"]
[Black "Shengelia, David"]
[Result "0-1"]
[ECO "B22"]
[WhiteElo "2157"]
[BlackElo "2465"]
[Annotator "RC"]
[PlyCount "76"]
[EventDate "2024.06.01"]
[EventType "swiss"]
[EventCountry "AUT"]
[SourceTitle "playchess.com"]
[Source "ChessBase"]
[SourceQuality "1"]
[TimeControl "180+2"]

1. e4 c5 2. c3 Nf6 3. e5 Nd5 4. d4 cxd4 5. Qxd4 e6 6. Nf3 Nc6 7. Qe4 f5 8. Qe2 Be7 9. g3 b6 10. Bg2 Bb7 11. O-O O-O 12. c4 Nc7 13. Rd1 Qe8 14. Nc3 h6 15. h4 Rd8 16. Nd4 Nxd4 17. Rxd4 Bxg2 18. Kxg2 Bc5 19. Rd1 d6 20. exd6 Bxd6 21. f4 Qc6+ 22. Kh2 Bb4 23. Bd2 Rd4 24. Nb5 Rxd2 25. Rxd2 Bxd2 26. Nxc7 Qxc7 27. Qxd2 Qxc4 28. Re1 Qxa2 29. Re3 Rc8 30. Ra3 Qb1 31. Rc3 Rxc3 32. Qxc3 Kh7 33. Qe5 Qc2+ 34. Kg1 Qc4 35. Kf2 a5 36. Ke3 a4 37. h5 b5 38. Kd2 b4 0-1

[Event "Austria Championship Blitz 2024"]
[Site "Innsbruck"]
[Date "2024.06.01"]
[Round "3.3"]
[White "Schnegg, Daniel"]
[Black "Schwabeneder, Florian"]
[Result "0-1"]
[ECO "A45"]
[WhiteElo "2115"]
[BlackElo "2405"]
[Annotator "RC"]
[PlyCount "46"]
[EventDate "2024.06.01"]
[EventType "swiss"]
[EventCountry "AUT"]
[SourceTitle "playchess.com"]
[Source "ChessBase"]
[SourceQuality "1"]
[TimeControl "180+2"]

1. f4 g6 2. Nf3 Nf6 3. e3 Bg7 4. d4 O-O 5. Bd3 c5 6. c3 d6 7. O-O Nc6 8. b3 cxd4 9. exd4 e5 10. Bb5 exd4 11. cxd4 Qb6 12. Bxc6 Qxc6 13. Bb2 Bg4 14. Nbd2 Rfe8 15. h3 Bf5 16. Rc1 Qa6 17. a4 Nd5 18. Nc4 Nxf4 19. Kh1 Ne2 20. Qd2 Ng3+ 21. Kh2 Nxf1+ 22. Rxf1 d5 23. Nce5 Qxf1 0-1

[Event "Austria Championship Blitz 2024"]
[Site "Innsbruck"]
[Date "2024.06.01"]
[Round "3.4"]
[White "Wohlfahrt, Herbert"]
[Black "Neuschmied, Siegfried"]
[Result "0-1"]
[ECO "A15"]
[WhiteElo "2328"]
[BlackElo "2234"]
[Annotator "RC"]
[PlyCount "102"]
[EventDate "2024.06.01"]
[EventType "swiss"]
[EventCountry "AUT"]
[SourceTitle "playchess.com"]
[Source "ChessBase"]
[SourceQuality "1"]
[TimeControl "180+2"]

1. Nf3 Nf6 2. c4 g6 3. b3 Bg7 4. Bb2 d6 5. g3 e5 6. d3 O-O 7. Bg2 c6 8. O-O a5 9. Nc3 Na6 10. Rc1 Re8 11. Nd2 Be6 12. a3 Qc7 13. Nf3 Rad8 14. Qd2 Nc5 15. Qc2 Na6 16. Qb1 Qc8 17. Rfe1 Bh3 18. Bh1 Bh6 19. Rcd1 Ng4 20. Bc1 Bg7 21. Ng5 Nf6 22. Nxh3 Qxh3 23. Bg2 Qc8 24. b4 axb4 25. axb4 d5 26. b5 Nc5 27. Ba3 Ne6 28. cxd5 cxd5 29. Rc1 Qd7 30. b6 Ra8 31. Nb5 Ra5 32. Nc7 Rxa3 33. Nxe8 Nxe8 34. Qb4 Ra8 35. e3 Nf6 36. Qb2 Qd6 37. Ra1 Rd8 38. Ra7 Rb8 39. Rea1 Nd7 40. Rb1 e4 41. Qb5 Nec5 42. dxe4 Nxe4 43. Rc1 Nc3 44. Qd3 Qe5 45. h3 Nxb6 46. Kh2 Nc4 47. Rca1 Nb6 48. Rc1 Nba4 49. Ra5 Rd8 50. Ra7 b6 51. Rb7 Nc5 0-1

[Event "Austria Championship Blitz 2024"]
[Site "Innsbruck"]
[Date "2024.06.01"]
[Round "3.5"]
[White "Khalakhan, Jurij"]
[Black "Platzgummer, Fabian"]
[Result "0-1"]
[ECO "A01"]
[WhiteElo "2175"]
[BlackElo "2311"]
[Annotator "RC"]
[PlyCount "130"]
[EventDate "2024.06.01"]
[EventType "swiss"]
[EventCountry "AUT"]
[SourceTitle "playchess.com"]
[Source "ChessBase"]
[SourceQuality "1"]
[TimeControl "180+2"]

1. b3 Nf6 2. Bb2 d6 3. g3 e5 4. Bg2 Be7 5. e3 O-O 6. Ne2 c5 7. c4 Re8 8. Qc2 Nc6 9. a3 Bg4 10. d3 Rc8 11. Nd2 Qd7 12. h3 Bh5 13. Nc3 Bd8 14. O-O a6 15. Rae1 Rb8 16. Nde4 Nxe4 17. dxe4 Ne7 18. f4 f6 19. g4 Bf7 20. Rd1 b5 21. cxb5 axb5 22. Nd5 Nxd5 23. exd5 Bb6 24. fxe5 dxe5 25. Be4 h6 26. Bf5 Qa7 27. Kg2 e4 28. Bxe4 Qe7 29. Bh7+ Kh8 30. Rfe1 Qd6 31. e4 Bc7 32. Kf1 Qg3 33. Qg2 Qxg2+ 34. Kxg2 Kxh7 35. Rc1 Bd6 36. Rc2 Bg6 37. Rce2 Re7 38. Kf3 c4 39. b4 Rbe8 40. Bd4 h5 41. Bc5 Rd7 42. Ra1 Ra8 43. Rea2 Be5 44. Rd1 Ra6 45. Ke3 Rd8 46. Bd4 Re8 47. Bxe5 Rxe5 48. Rd4 Ra8 49. Kf4 Rae8 50. Re2 Bf7 51. Re3 g5+ 52. Kf3 Bg6 53. a4 bxa4 54. Rxc4 a3 55. Rxa3 Bxe4+ 56. Kf2 Bxd5 57. Rc7+ R8e7 58. Raa7 Rxc7 59. Rxc7+ Kg6 60. b5 hxg4 61. hxg4 Be6 62. b6 Rb5 63. b7 Bxg4 64. Rc4 Bf5 65. Rc7 Be4 0-1

[Event "Austria Championship Blitz 2024"]
[Site "Innsbruck"]
[Date "2024.06.01"]
[Round "3.6"]
[White "Lerch, Johannes"]
[Black "Zanon, Magnus"]
[Result "1/2-1/2"]
[ECO "A81"]
[WhiteElo "2208"]
[BlackElo "2092"]
[Annotator "RC"]
[PlyCount "73"]
[EventDate "2024.06.01"]
[EventType "swiss"]
[EventCountry "AUT"]
[SourceTitle "playchess.com"]
[Source "ChessBase"]
[SourceQuality "1"]
[TimeControl "180+2"]

1. Nf3 f5 2. g3 Nf6 3. Bg2 d6 4. d4 g6 5. b4 Bg7 6. O-O O-O 7. Bb2 Qe8 8. c4 Ne4 9. Nbd2 c6 10. Qc2 Nxd2 11. Qxd2 e5 12. dxe5 dxe5 13. Rfd1 h6 14. Qc2 Na6 15. a3 Qe7 16. Nh4 Qf7 17. b5 Nc5 18. bxc6 bxc6 19. Bxc6 Rb8 20. Bd5 Be6 21. Bc3 e4 22. Bxg7 Qxg7 23. Ng2 Rb2 24. Bxe6+ Nxe6 25. Qa4 Rxe2 26. Qc6 Ng5 27. Nf4 Rd2 28. Qxg6 Rfd8 29. Qxg7+ Kxg7 30. Rxd2 Rxd2 31. h4 Nf3+ 32. Kg2 Rc2 33. c5 Kf6 34. Rb1 Rxc5 35. Rb7 Ra5 36. Rb3 Rc5 37. Rb1 1/2-1/2

[Event "Austria Championship Blitz 2024"]
[Site "Innsbruck"]
[Date "2024.06.01"]
[Round "3.7"]
[White "Erhard, Jakob"]
[Black "Kilgus, Georg"]
[Result "0-1"]
[ECO "C50"]
[WhiteElo "2057"]
[BlackElo "2362"]
[Annotator "RC"]
[PlyCount "86"]
[EventDate "2024.06.01"]
[EventType "swiss"]
[EventCountry "AUT"]
[SourceTitle "playchess.com"]
[Source "ChessBase"]
[SourceQuality "1"]
[TimeControl "180+2"]

1. e4 e5 2. Nf3 Nc6 3. Bc4 Nf6 4. d3 h6 5. Nc3 Bc5 6. a3 d6 7. Be3 Bxe3 8. fxe3 O-O 9. Qd2 Re8 10. O-O-O Be6 11. Bxe6 Rxe6 12. h3 Rb8 13. Rhg1 b5 14. Na2 a5 15. g4 Nh7 16. h4 b4 17. axb4 axb4 18. b3 Qc8 19. Kb2 Qa6 20. Ra1 Qa3+ 21. Kb1 Ra8 22. g5 h5 23. Qc1 Qa7 24. Qd2 Nf8 25. Re1 Ree8 26. Kc1 Reb8 27. Kd1 Rb5 28. Ke2 Ra5 29. Nxb4 Nxb4 30. Rxa5 Qxa5 31. Kf2 Qb6 32. c3 Ra2 33. Re2 Rxd2 34. Rxd2 Nc6 35. b4 Qa7 36. Ne1 Ne6 37. Nc2 Qa2 38. Ke2 Qb1 39. Na3 Qh1 40. Nc4 Qxh4 41. b5 Ne7 42. Kd1 Qxg5 43. Kc2 h4 0-1

[Event "Austria Championship Blitz 2024"]
[Site "Innsbruck"]
[Date "2024.06.01"]
[Round "3.8"]
[White "Haralcic, Edin"]
[Black "Balint, Peter"]
[Result "0-1"]
[ECO "D04"]
[WhiteElo "1936"]
[BlackElo "2343"]
[Annotator "RC"]
[PlyCount "66"]
[EventDate "2024.06.01"]
[EventType "swiss"]
[EventCountry "AUT"]
[SourceTitle "playchess.com"]
[Source "ChessBase"]
[SourceQuality "1"]
[TimeControl "180+2"]

1. Nf3 Nf6 2. b3 g6 3. Bb2 Bg7 4. e3 O-O 5. d4 d5 6. Nbd2 c5 7. h3 Nc6 8. a3 b6 9. Bd3 Bb7 10. O-O Rc8 11. Re1 Re8 12. Rc1 cxd4 13. exd4 Rc7 14. c4 dxc4 15. bxc4 e6 16. Ne4 Rd7 17. Qe2 Nxe4 18. Bxe4 Na5 19. Bxb7 Nxb7 20. Ne5 Rc7 21. Qf3 Nd6 22. c5 Nf5 23. cxb6 Rxc1 24. Rxc1 Qxb6 25. Qc6 Qxc6 26. Rxc6 Rb8 27. Rc2 h5 28. g4 hxg4 29. hxg4 Ne7 30. Nd7 Rd8 31. Ne5 Nd5 32. Kg2 Rb8 33. f3 Ne3+ 0-1

[Event "Austria Championship Blitz 2024"]
[Site "Innsbruck"]
[Date "2024.06.01"]
[Round "3.9"]
[White "Myagmarsuren, Mandukhai"]
[Black "Froewis, Annika"]
[Result "0-1"]
[ECO "D36"]
[WhiteElo "2092"]
[BlackElo "2075"]
[Annotator "RC"]
[PlyCount "104"]
[EventDate "2024.06.01"]
[EventType "swiss"]
[EventCountry "AUT"]
[SourceTitle "playchess.com"]
[Source "ChessBase"]
[SourceQuality "1"]
[TimeControl "180+2"]

1. d4 d5 2. c4 e6 3. Nc3 Nf6 4. cxd5 exd5 5. Bg5 Be7 6. e3 c6 7. Qc2 Nbd7 8. Bd3 O-O 9. Nge2 Re8 10. O-O Nf8 11. f3 g6 12. Bh4 b5 13. Rad1 Bb7 14. Rfe1 Rc8 15. Bf2 Ne6 16. Ng3 b4 17. Na4 c5 18. dxc5 Nxc5 19. Nxc5 Bxc5 20. Qb3 Qb6 21. Nf1 Re6 22. Re2 Rce8 23. Qc2 Nd7 24. Qd2 Ne5 25. b3 Nxd3 26. Qxd3 Ba6 27. Qd2 Bxe2 28. Qxe2 d4 29. e4 d3 30. Qd2 Bxf2+ 31. Qxf2 Qxf2+ 32. Kxf2 Rd8 33. Ne3 Rc6 34. Nc4 a5 35. Ke3 a4 36. Rxd3 Rxd3+ 37. Kxd3 axb3 38. axb3 Ra6 39. Kc2 Ra2+ 40. Nb2 Kg7 41. Kb1 Ra3 42. Kc2 Kf6 43. g3 h5 44. h3 g5 45. Nc4 Ra1 46. g4 h4 47. Kd3 Rh1 48. e5+ Ke6 49. Nd2 Kxe5 50. Kc4 Rxh3 51. Kxb4 Rh2 52. f4+ Kxf4 0-1

[Event "Austria Championship Blitz 2024"]
[Site "Innsbruck"]
[Date "2024.06.01"]
[Round "3.10"]
[White "Kruckenhauser, Arthur"]
[Black "Walder, Elias"]
[Result "1-0"]
[ECO "C06"]
[WhiteElo "2340"]
[BlackElo "2035"]
[Annotator "RC"]
[PlyCount "83"]
[EventDate "2024.06.01"]
[EventType "swiss"]
[EventCountry "AUT"]
[SourceTitle "playchess.com"]
[Source "ChessBase"]
[SourceQuality "1"]
[TimeControl "180+2"]

1. e4 e6 2. d4 d5 3. Nd2 Nf6 4. e5 Nfd7 5. Bd3 c5 6. c3 Nc6 7. Ne2 cxd4 8. cxd4 f6 9. exf6 Nxf6 10. Nf3 Bd6 11. O-O Qc7 12. h3 O-O 13. Be3 Bd7 14. Re1 Rac8 15. a3 a6 16. Rc1 Qb6 17. b4 Na7 18. Ne5 Bb5 19. Bb1 Bxe2 20. Qxe2 Qb5 21. Qf3 Qe8 22. Rxc8 Qxc8 23. Rc1 Qe8 24. Qe2 Nc6 25. Nxc6 bxc6 26. Qxa6 Nh5 27. Qxc6 Qe7 28. Qc2 g6 29. Qe2 Nf4 30. Bxf4 Bxf4 31. Re1 Re8 32. g3 Bd6 33. Qg4 Qf7 34. h4 Kg7 35. Bd3 Rf8 36. Re2 Qa7 37. Qxe6 Qxa3 38. Qxd6 Qxd3 39. Re7+ Kg8 40. Qe6+ Kh8 41. Qe5+ Kg8 42. Qg7# 1-0

[Event "Austria Championship Blitz 2024"]
[Site "Innsbruck"]
[Date "2024.06.01"]
[Round "3.11"]
[White "Hengl, Philip"]
[Black "Schnegg, Anna-Lena"]
[Result "1-0"]
[ECO "A10"]
[WhiteElo "2173"]
[BlackElo "2124"]
[Annotator "RC"]
[PlyCount "143"]
[EventDate "2024.06.01"]
[EventType "swiss"]
[EventCountry "AUT"]
[SourceTitle "playchess.com"]
[Source "ChessBase"]
[SourceQuality "1"]
[TimeControl "180+2"]

1. Nf3 g6 2. d4 Bg7 3. c4 e6 4. Nc3 Ne7 5. e3 b6 6. Be2 Bb7 7. O-O O-O 8. b3 d5 9. Bb2 Nd7 10. Rc1 Rc8 11. Qd2 a6 12. cxd5 exd5 13. Rfd1 c5 14. dxc5 bxc5 15. Na4 Bxb2 16. Qxb2 Qa5 17. Qd2 Qxd2 18. Rxd2 Rc7 19. Rdc2 Rfc8 20. Ne1 a5 21. Bb5 Bc6 22. Bxc6 Rxc6 23. Kf1 c4 24. bxc4 dxc4 25. Nf3 Nf5 26. g4 Nd6 27. Nd4 R6c7 28. Rb1 Nc5 29. Nxc5 Rxc5 30. Ke2 Kg7 31. Rb6 Ne4 32. f3 Nf6 33. e4 R8c7 34. Rb5 Nd7 35. Rxc5 Rxc5 36. Ke3 a4 37. Ne2 Kf6 38. Nc3 Ke6 39. f4 Ra5 40. Rb2 Nc5 41. Rb6+ Kd7 42. Nd5 Nd3 43. Rb7+ Ke8 44. Rc7 Rc5 45. Rxc5 Nxc5 46. Kd4 Ne6+ 47. Kxc4 h5 48. h3 hxg4 49. hxg4 g5 50. f5 Nf8 51. e5 Nd7 52. Nf6+ Nxf6 53. exf6 Kd7 54. Kc5 a3 55. Kd5 Kc7 56. Kc5 Kd7 57. Kb4 Kd6 58. Kxa3 Ke5 59. Kb4 Kf4 60. a4 Kxg4 61. a5 Kh3 62. a6 g4 63. a7 g3 64. a8=Q g2 65. Qf3+ Kh2 66. Qh5+ Kg3 67. Qg5+ Kf3 68. Kc5 Kf2 69. Qxg2+ Kxg2 70. Kd6 Kg3 71. Ke7 Kg4 72. Kxf7 1-0

[Event "Austria Championship Blitz 2024"]
[Site "Innsbruck"]
[Date "2024.06.01"]
[Round "3.12"]
[White "Horvath, Dominik"]
[Black "Gutmann, Alois"]
[Result "1-0"]
[ECO "A40"]
[WhiteElo "2554"]
[BlackElo "1985"]
[Annotator "TA"]
[PlyCount "41"]
[EventDate "2024.06.01"]
[EventType "swiss"]
[EventCountry "AUT"]
[SourceTitle "playchess.com"]
[Source "ChessBase"]
[SourceQuality "1"]
[TimeControl "180+2"]

1. d4 e6 2. Nc3 c5 3. d5 e5 4. e4 d6 5. f4 Be7 (5... Nd7 $142) 6. Nf3 (6. fxe5 $142 a6 7. Nf3) 6... Nd7 7. fxe5 {[%emt 0:00:02] White is more active.} dxe5 {[%emt 0:00:07][%mdl 8192] Loses the game.} ({Black should try} 7... Nxe5 $14 8. Bb5+ Bd7) 8. d6 $18 {[%emt 0:00:07] White has a decisive advantage.} Bf6 9. Nd5 {[%emt 0:00:04] [#] aiming for Nc7+.} b6 (9... Rb8 $142 10. Be2 h5) 10. Nc7+ Kf8 11. Nxa8 Bb7 12. Nc7 Bxe4 13. Bc4 Nh6 14. Bxh6 gxh6 15. Qe2 Bg6 16. O-O-O Kg7 17. Kb1 e4 18. Nd2 e3 19. Qxe3 Bd4 20. Qe7 Ne5 21. Ne6+ {[%emt 0:00:05] Weighted Error Value: White=0.24 (precise) /Black=1.12.  Loses game:     	---       	Black=1      Mistake:       	---       	Black=1      Inaccurate:     	White=1     	---        OK:         	White=1     	Black=1      Best:        	White=1     	---} 1-0

[Event "Austria Championship Blitz 2024"]
[Site "Innsbruck"]
[Date "2024.06.01"]
[Round "3.13"]
[White "Kosc, Renata"]
[Black "Binder, Moriz"]
[Result "0-1"]
[ECO "C28"]
[WhiteElo "1983"]
[BlackElo "2210"]
[Annotator "RC"]
[PlyCount "56"]
[EventDate "2024.06.01"]
[EventType "swiss"]
[EventCountry "AUT"]
[SourceTitle "playchess.com"]
[Source "ChessBase"]
[SourceQuality "1"]
[TimeControl "180+2"]

1. e4 e5 2. Bc4 Nf6 3. d3 Nc6 4. Nc3 Na5 5. Bb3 Nxb3 6. axb3 d5 7. exd5 Nxd5 8. Qe2 f6 9. f4 Nxc3 10. bxc3 Bd6 11. fxe5 fxe5 12. Nf3 O-O 13. O-O Bg4 14. Qe3 Qe7 15. b4 a5 16. h3 Bd7 17. bxa5 Bc6 18. d4 Rae8 19. Nxe5 Rxf1+ 20. Kxf1 Bxe5 21. Qxe5 Qf7+ 22. Qf4 Qxf4+ 23. Bxf4 Rf8 24. g3 g5 25. Ke2 gxf4 26. gxf4 Rxf4 27. Rg1+ Kf7 28. Rf1 Bb5+ 0-1

[Event "Austria Championship Blitz 2024"]
[Site "Innsbruck"]
[Date "2024.06.01"]
[Round "3.15"]
[White "Mira, Helene"]
[Black "Frolik, Michael"]
[Result "1-0"]
[ECO "E16"]
[WhiteElo "2047"]
[BlackElo "1984"]
[Annotator "RC"]
[PlyCount "53"]
[EventDate "2024.06.01"]
[EventType "swiss"]
[EventCountry "AUT"]
[SourceTitle "playchess.com"]
[Source "ChessBase"]
[SourceQuality "1"]
[TimeControl "180+2"]

1. d4 Nf6 2. c4 e6 3. Nf3 b6 4. g3 Bb7 5. Bg2 d6 6. O-O Nbd7 7. Nc3 Be7 8. Qd3 O-O 9. e4 c5 10. Re1 cxd4 11. Nxd4 a6 12. b3 Rc8 13. Ba3 Qc7 14. Rac1 Nc5 15. Qb1 Rfd8 16. Kh1 Ng4 17. Nd1 Bf6 18. Bb2 h5 19. h3 Ne5 20. Re3 Ng6 21. f4 h4 22. f5 Ne5 23. fxe6 Nxe6 24. Nf5 hxg3 25. Rxg3 Kf8 26. Nde3 Qc5 27. Nd5 1-0